 Dungeon Crawl Stone Soup version 0.24-a0-549-g45f0056d81 (webtiles) character file.

Game seed: 15914714773607432663

123 Electrofox the Changer (level 4, 0/35 HPs)
             Began as a Draconian Transmuter on Aug 19, 2019.
             Killed from afar by a white imp (5 damage)
             ... with a puff of frost
             ... summoned by Natasha
             ... on level 2 of the Dungeon.
             The game lasted 00:11:07 (2888 turns).

Electrofox the Changer (Draconian Transmuter)       Turns: 2888, Time: 00:11:07

Health: 0/35       AC:  5    Str: 12    XL:     4   Next: 80%
Magic:  15/17      EV: 12    Int: 14    God:
Gold:   102        SH:  0    Dex: 12    Spells: 6/9 levels left

rFire    . . .     SeeInvis .     - Unarmed
rCold    . . .     Gourm    .   (no shield)
rNeg     . . .     Faith    .   (armour unavailable)
rPois    .         Spirit   .   (helmet restricted)
rElec    .         Reflect  .   (no cloak)
rCorr    .         Harm     .   (no gloves)
MR       .....                  (no boots)
Stlth    +.........             (no amulet)
HPRegen  0.11/turn              k - ring of magical power
MPRegen  0.15/turn              (no ring)

@: no status effects
A: unfitting armour, cold-blooded, AC +5
a: no special abilities


You were on level 2 of the Dungeon.
You were not hungry.

You visited 1 branch of the dungeon, and saw 2 of its levels.

You collected 102 gold pieces.

Inventory:

Missiles
 a - 35 arrows
 q - 3 javelins (quivered)
Armour
 h - a +0 cloak
Jewellery
 d - a cursed -2 ring of protection {unknown}
 k - a ring of magical power (left hand)
 r - an uncursed amulet of magic regeneration
Scrolls
 e - a scroll of random uselessness {unknown}
 f - 2 scrolls of identify {unknown}
 g - 3 scrolls of teleportation {unknown}
 i - 2 scrolls of blinking
 j - a scroll of magic mapping {unknown}
 l - 2 scrolls of remove curse {unknown}
 m - a scroll of amnesia {unknown}
Potions
 n - a potion of resistance {unknown}
 o - a potion of flight {unknown}
 p - 2 potions of magic {unknown}
 s - 2 potions of degeneration {unknown}
Comestibles
 b - 4 chunks of flesh
 c - 3 rations


   Skills:
 - Level 1.1 Fighting
 - Level 1.7 Dodging
 - Level 3.0 Unarmed Combat
 + Level 3.1 Spellcasting
 * Level 4.3 Transmutations


You had 6 spell levels left.
You knew the following spells:

 Your Spells              Type           Power        Failure   Level  Hunger
a - Beastly Appendage     Tmut           ##....       3%          1    #......
b - Sticks to Snakes      Tmut           ##......     5%          2    ##.....

Your spell library contained the following spells:

 Spells                   Type           Power        Failure   Level  Hunger
 Spider Form              Tmut/Pois      #.........   26%         3    ###....
 Ice Form                 Ice/Tmut       #.......     65%         4    #####..
 Blade Hands              Tmut           ##........   69%         5    ######.


Dungeon Overview and Level Annotations

Branches:
Dungeon (2/15)

Altars:

Annotations:
D:2 Natasha


Innate Abilities, Weirdness & Mutations

Your plain brown scales are hard. (AC +5)
You cannot fit into any form of body armour.
You are cold-blooded and may be slowed by cold attacks.


Message History

The iron imp hits you! Natasha claws you!
* * * LOW HITPOINT WARNING * * *
You barely miss Natasha. Your headbutt misses Natasha.
Natasha is moderately wounded.
Your adder misses Natasha. The iron imp hits you.
* * * LOW HITPOINT WARNING * * *
Natasha casts a spell.
You barely miss Natasha. You headbutt Natasha.
Your tail-slap misses Natasha.
Natasha is moderately wounded.
Your horns disappear.
Your adder barely misses Natasha.
Your adder bites Natasha.
Natasha is poisoned.
Your adder poisons Natasha!
Natasha closely misses your adder.
The iron imp hits you but does no damage.
You closely miss Natasha.
Natasha is severely wounded.
Your adder bites Natasha.
The white imp gestures at you. The puff of frost hits you.
You die...

#.#######.# #.......#.# *
*****#######.#.# *
*,,,,,,,,,,#)#.# *
*,*******#,#.#.######## *
*,*,,,,,,#.#.........<#
*****,*,*#**,#.###.########
,,,,>,,,,....#..hS.#,,,,,*
*,***,*,,......5@5.#,***,*
,,,,*,*,,.)........#,* *,*
,,,,*,*<,..[.......#)* *,*
,,,,*,*,*#######.###,* *,*
,,,,*,*,* #..,*,* *,*
,,,,*,*,*******###,*,* *,*
*,***,*,,,,,,,,,,*,,,* *,*
*,***,*********,********,**
,,,,,,,,,,,,,,,,,,,,,,,รท,,*


You could see an iron imp, Natasha, a white imp and a friendly adder.

Vanquished Creatures
  Natasha (D:2)
  A worker ant (D:2)
  3 adders
  2 worms (D:2)
  A dart slug (D:2)
  4 bats
  3 giant cockroaches
  4 goblins
  4 hobgoblins
  4 jackals (D:1)
  A quokka (D:2)
  3 frilled lizards
  3 kobolds (D:2)
  8 rats
42 creatures vanquished.

Notes
Turn   | Place    | Note
-------+----------+-------------------------------------------
     0 | D:1      | Electrofox the Draconian Transmuter began the quest for the
                  | Orb.
     0 | D:1      | Reached XP level 1. HP: 16/16 MP: 3/3
   691 | D:1      | Reached XP level 2. HP: 20/23 MP: 3/5
  1423 | D:2      | Reached skill level 3 in Transmutations
  1423 | D:2      | Reached XP level 3. HP: 19/28 MP: 4/6
  1798 | D:1      | Learned a level 2 spell: Sticks to Snakes
  1934 | D:2      | Reached XP level 4. HP: 26/35 MP: 8/8
  2058 | D:2      | Noticed Natasha
  2567 | D:2      | Found a faded altar of an unknown god.
  2663 | D:2      | Reached skill level 4 in Transmutations
  2792 | D:2      | Killed Natasha
  2875 | D:2      | Noticed Natasha
  2888 | D:2      | Killed from afar by a white imp

Levels and vault maps discovered:
D:1:      elethiomel_arrival_infinity_welcomes_careful_drivers,
          layout_loops_corners
D:2:      layout_basic, chequers_ecumenical_altar_simple, uniq_natasha

Skill      XL: |  1  2  3  4 |
---------------+-------------+-----
Transmutations | 3 4 |  4.3
Spellcasting   | 3 |  3.1
Fighting       | |  1.1
Dodging        | |  1.7
Unarmed Combat | |  3.0

Action                   |  1- 3 |  4- 6 || total
-------------------------+-------+-------++-------
Melee: Unarmed           |    96 |    71 ||   167
       Tailslap          |    12 |     5 ||    17
       Kick              |     8 |     3 ||    11
       Punch             |     2 |       ||     2
       Headbutt          |     1 |     2 ||     3
Throw: Boomerang         |     2 |       ||     2
       Javelin           |     4 |     8 ||    12
 Cast: Beastly Appendage |     9 |     8 ||    17
       Sticks to Snakes  |     1 |     2 ||     3
  Use: Scroll            |     1 |       ||     1
 Stab: Sleeping          |     1 |       ||     1
  Eat: Chunk             |     3 |     4 ||     7
Armor: Skin              |    24 |    18 ||    42
Dodge: Dodged            |    68 |    36 ||   104

Table legend:
 A = Non-vault XP
 B = Vault XP
 C = Vault XP percentage of total XP
 D = Non-vault monster count
 E = Vault monster count
 F = Vault count percentage of total count
                 A         B        C        D         E       F
            +---------+---------+-------+---------+---------+-------
      Total |     141 |      36 |  20.3 |      41 |       1 |   2.4
            +---------+---------+-------+---------+---------+-------
        D:1 |      41 |       0 |   0.0 |      17 |       0 |   0.0
        D:2 |     100 |      36 |  26.5 |      24 |       1 |   4.0
            +---------+---------+-------+---------+---------+-------
